 Dungeon Sprint DCSS version 0.16-a0-3803-gd4b2de5 (webtiles) character file.

6344 PolkaDot the Imperceptible (level 10, 0/69 (80) HPs)
             Began as a Vampire Assassin on Jan 26, 2015.
             Was a Plaything of Xom.
             Engulfed by a cloud of flame (6 damage)
             ... in the Dungeon (Sprint I: "Red Sonja").
             The game lasted 00:13:29 (1227 turns).

PolkaDot the Imperceptible (Vampire Assassin)       Turns: 1227, Time: 00:13:30

HP:   0/69 (80)     AC:  5    Str: 11    XL:     10   Next: 64%
MP:   14/22         EV: 12    Int:  9    God:    Xom [..*...]
Gold: 268           SH:  0    Dex: 17    Spells: 0 memorised, 9 levels left

rFire  . . .     SeeInvis +     a - +2 dagger
rCold  + . .     Clarity  .     c - +0 robe
rNeg   + . .     SustAb   .     (no shield)
rPois  .         Gourm    .     (no helmet)
rElec  .         Spirit   .     p - +2 cloak of Xom's Displeasure {+Blink rC+ rCorr Int-4}
rCorr  +         Warding  .     (no gloves)
rMut   .         NoTele   +     (no boots)
MR     +....                    (no amulet)
Stlth  ++++++++++               (no ring)
                                (no ring)

@: somewhat resistant to hostile enchantments, uncannily stealthy
A: bottle blood, fangs 3, see invisible, unbreathing
a: Bat Form, Renounce Religion, Evoke Blink


You were in the Dungeon.
You worshipped Xom.
You were a toy of Xom.
You were not thirsty.

You visited 1 branch You collected 1052 gold pieces.
You spent 784 gold pieces at shops.

Inventory:

Hand weapons
 a - a +2 dagger (weapon)
 b - a +0 blowgun
Missiles
 e - 8 poisoned needles
 f - 7 curare-tipped needles
 h - 4 needles of confusion
Armour
 c - a +0 robe (worn)
 n - the +0 helmet of Shar {rElec rPois+ rF- rN+ MP-9 Int+3 Dex+3}
   (You bought it in a shop in the Dungeon)

   It affects your intelligence (+3).
   It affects your dexterity (+3).
   It makes you vulnerable to fire.
   It insulates you from electricity.
   It protects you from poison.
   It protects you from negative energy.
   It affects your magic capacity (-9).
 p - the +2 cloak of Xom's Displeasure (worn) {+Blink rC+ rCorr Int-4}
   (You bought it in a shop in the Dungeon)

   It affects your intelligence (-4).
   It protects you from cold.
   It lets you blink.
   It protects you from acid and corrosion.
Scrolls
 l - a scroll of summoning {unknown}
 m - a scroll of blinking
 o - a scroll of random uselessness {unknown}
Potions
 g - 2 potions of curing
 k - 2 potions of magic


   Skills:
 - Level 7.8 Fighting
 - Level 11.3 Short Blades
 + Level 4.3 Throwing
 - Level 1.1 Dodging
 * Level 26.1 Stealth
 + Level 9.6 Evocations


You had 9 spell levels left.
You didn't know any spells.

Dungeon Overview and Level Annotations

Branches:
Dungeon (1/1)

Altars:
Cheibriados
Dithmenos
Elyvilon
Fedhas
Gozag
Kikubaaqudgha
Makhleb
Nemelex Xobeh
Okawaru
Qazlal
Ru
Sif Muna
Trog
Vehumet
Xom
Yredelemnul
Zin
The Shining One
Jiyva

Shops:
D =[*%}([*(=[**%%[*


Innate Abilities, Weirdness & Mutations

You can bottle blood from corpses.
You have razor-sharp teeth.
You have supernaturally acute eyesight.
You can survive without breathing.


Message History

The demonic crawler is almost dead.
The demonic crawler closely misses you. The demonic crawler barely misses you.
The demonic crawler hits you.
* * * LOW HITPOINT WARNING * * *
You hit the demonic crawler but do no damage.
You bite the demonic crawler.
The demonic crawler explodes!
The fiery explosion engulfs your shadow imp.
You kill your shadow imp!
The fiery explosion engulfs you!
* * * LOW HITPOINT WARNING * * *
The fiery explosion engulfs the demonic crawler.
The demonic crawler resists.
The demonic crawler is moderately wounded.
The fiery explosion engulfs the demonic crawler.
The demonic crawler resists.
The demonic crawler is lightly wounded.
You are engulfed in roaring flames.
You die...
Xom chortles!

##################
.#.)'..#__#%%'...#
)'..#..'..'.)#.%§##+#
'#####'#__####..@§ss#
.#...#.####.(#####s.+
##..##.#≈≈§§§#§.# +##
_##'#§.§§§§§§§..#
..'..._#≈§§§§#..#
_##_.#'##'#####'###
_###'#.#(..%###.§.#
####.####'###.###.#
..'...'.....'(∩##.#


You could see 3 demonic crawlers.

Vanquished Creatures
  2 centaur warriors (D)
  A deep troll (D)
  2 unseen horrors (D)
  An oklob plant (D)
  2 kobold demonologists (D)
  A demonic crawler (D)
  Sonja (D)
  A slime creature (D)
  4 trapdoor spiders (D)
  A yak (D)
  A wasp (D)
  6 necrophages (D)
  An ogre (D)
  Sigmund (D)
  8 jellies (D)
  Ijyb (D)
  A shadow imp (D)
  2 giant eyeballs (D)
  7 ballistomycetes (D)
44 creatures vanquished.

Vanquished Creatures (collateral kills)
  A necrophage (D)
1 creature vanquished.

Vanquished Creatures (others)
  A gargoyle (D)
  2 giant spores (D)
3 creatures vanquished.

Grand Total: 48 creatures vanquished

Notes
Turn   | Place    | Note
--------------------------------------------------------------
     0 | D        | PolkaDot, the Vampire Assassin, began the quest for the Orb.
     0 | D        | Reached XP level 1. HP: 16/16 MP: 1/1
     2 | D        | Noticed Ijyb
     4 | D        | Killed Ijyb
     4 | D        | Reached skill level 8 in Stealth
     4 | D        | Reached XP level 2. HP: 22/22 MP: 2/2
     9 | D        | Noticed an ogre
    11 | D        | Killed an ogre
    11 | D        | Reached skill level 12 in Stealth
    11 | D        | Reached XP level 3. HP: 27/27 MP: 3/3
    11 | D        | Reached XP level 4. HP: 33/33 MP: 4/4
    23 | D        | Noticed Sigmund
    25 | D        | Killed Sigmund
    25 | D        | Reached skill level 14 in Stealth
    25 | D        | Reached XP level 5. HP: 38/38 MP: 5/5
    38 | D        | Found a deep blue altar of Sif Muna.
    39 | D        | Noticed a jelly
    40 | D        | Found a radiant altar of Vehumet.
    44 | D        | Killed a jelly
    71 | D        | Found Statzuet's Armour Emporium.
    71 | D        | Found a white marble altar of Elyvilon.
    71 | D        | Found a burning altar of Makhleb.
    71 | D        | Found a sacrificial altar of Ru.
    71 | D        | Found a glowing golden altar of the Shining One.
    71 | D        | Found an opulent altar of Gozag.
    71 | D        | Found a glowing silver altar of Zin.
    71 | D        | Noticed a yak
    72 | D        | Found a stormy altar of Qazlal.
    72 | D        | Found a basalt altar of Yredelemnul.
    72 | D        | Found an iron altar of Okawaru.
    72 | D        | Found a sparkling altar of Nemelex Xobeh.
    72 | D        | Found a shimmering altar of Xom.
    72 | D        | Found an ancient bone altar of Kikubaaqudgha.
   269 | D        | Killed a yak
   269 | D        | Reached skill level 16 in Stealth
   269 | D        | Reached XP level 6. HP: 44/44 MP: 6/6
   301 | D        | Found a bloodstained altar of Trog.
   314 | D        | Noticed Sonja
   318 | D        | Killed Sonja
   318 | D        | Reached skill level 18 in Stealth
   318 | D        | Reached XP level 7. HP: 49/49 MP: 7/7
   330 | D        | Noticed a deep troll
   334 | D        | Killed a deep troll
   334 | D        | Reached skill level 20 in Stealth
   334 | D        | Reached XP level 8. HP: 55/55 MP: 8/8
   354 | D        | Found Noang's Armour Emporium.
   358 | D        | Bought the +2 cloak of Xom's Displeasure {+Blink rC+ rCorr Int-4} for 359 gold pieces
   388 | D        | Found Gyat Haehe's Jewellery Boutique.
   416 | D        | Became a worshipper of Xom the Capricious
   437 | D        | Noticed a centaur warrior
   440 | D        | Found a viscous altar of Jiyva.
   440 | D        | Found a blossoming altar of Fedhas.
   440 | D        | Noticed a slime creature
   441 | D        | Found a snail-covered altar of Cheibriados.
   441 | D        | Found a shadowy altar of Dithmenos.
   443 | D        | Killed a slime creature
   443 | D        | Reached skill level 21 in Stealth
   452 | D        | Killed a gargoyle
   473 | D        | Noticed a kobold demonologist
   475 | D        | Noticed a kobold demonologist
   476 | D        | Noticed a blue devil
   478 | D        | XOM: harmless Hex miscast
   480 | D        | Killed a kobold demonologist
   482 | D        | XOM: potion effect (haste)
   488 | D        | XOM: potion effect (invisibility)
   491 | D        | Killed a kobold demonologist
   491 | D        | Reached skill level 22 in Stealth
   498 | D        | Noticed a demonic crawler
   498 | D        | Noticed a demonic crawler
   498 | D        | Noticed a demonic crawler
   498 | D        | Noticed a demonic crawler
   514 | D        | Noticed a centaur warrior
   517 | D        | Killed a centaur warrior
   517 | D        | Reached skill level 5 in Fighting
   517 | D        | Reached skill level 23 in Stealth
   517 | D        | Reached skill level 5 in Evocations
   517 | D        | Reached XP level 9. HP: 62/69 MP: 14/17
   518 | D        | Killed a centaur warrior
   528 | D        | Noticed a wasp
   531 | D        | Killed a wasp
   544 | D        | Noticed an oklob plant
   546 | D        | Killed an oklob plant
   546 | D        | Reached skill level 24 in Stealth
   552 | D        | Noticed a trapdoor spider
   552 | D        | Killed a trapdoor spider
   555 | D        | Noticed a trapdoor spider
   558 | D        | Noticed a trapdoor spider
   563 | D        | XOM: potion effect (might)
   564 | D        | Killed a trapdoor spider
   564 | D        | Reached XP level 10. HP: 32/79 MP: 21/21
   569 | D        | Killed a trapdoor spider
   585 | D        | Noticed a trapdoor spider
   585 | D        | Killed a trapdoor spider
   587 | D        | Noticed a jelly
   587 | D        | Noticed a jelly
   587 | D        | Noticed a jelly
   589 | D        | Noticed a jelly
   590 | D        | Noticed a jelly
   590 | D        | Noticed a jelly
   590 | D        | Noticed a jelly
   592 | D        | Noticed a necrophage
   599 | D        | Killed a jelly
   603 | D        | Killed a jelly
   608 | D        | Noticed an unseen horror
   874 | D        | XOM: medium Divn miscast
   909 | D        | XOM: harmless Hex miscast
   949 | D        | Noticed an unseen horror
   956 | D        | Killed an unseen horror
   956 | D        | Reached skill level 25 in Stealth
   958 | D        | Killed an unseen horror
   962 | D        | Killed a jelly
   963 | D        | Killed a jelly
   964 | D        | Noticed a necrophage
   964 | D        | Noticed a necrophage
   965 | D        | Killed a jelly
   975 | D        | Killed a jelly
   981 | D        | Killed a jelly
   985 | D        | Noticed a necrophage
   985 | D        | Noticed a necrophage
   985 | D        | Noticed a necrophage
   985 | D        | Noticed a necrophage
   987 | D        | Killed a necrophage
  1009 | D        | Killed a necrophage
  1023 | D        | Killed a necrophage
  1033 | D        | XOM: summons friendly shadow imp
  1038 | D        | Killed a necrophage
  1049 | D        | Killed a necrophage
  1060 | D        | Killed a necrophage
  1071 | D        | Killed a necrophage
  1071 | D        | Reached skill level 26 in Stealth
  1110 | D        | Found Xacofetz's Food Boutique.
  1110 | D        | Found Exas' Food Emporium.
  1111 | D        | Found Osaisan's Assorted Antiques.
  1120 | D        | Found Feosaute's Food Shoppe.
  1120 | D        | Found Inajuuzo's Assorted Antiques.
  1120 | D        | Found Voottine's Gadget Boutique.
  1122 | D        | Found Kulelur's Antique Weapon Emporium.
  1122 | D        | Found Xierub's Armour Shop.
  1122 | D        | Found Suaxiuw's Assorted Antiques.
  1122 | D        | Found Ghieshri's Weapon Boutique.
  1122 | D        | Found Piatolit's Jewellery Emporium.
  1122 | D        | Found Fafaicac's Antique Armour Shop.
  1122 | D        | Found Qedurph's Assorted Antiques.
  1122 | D        | Found Nixken's Assorted Antiques.
  1131 | D        | Bought a fine helmet for 218 gold pieces
  1131 | D        | Bought an ancient ring mail for 207 gold pieces
  1136 | D        | Identified the cursed +0 helmet of Shar {rElec rPois+ rF- rN+ MP-9 Int+3 Dex+3} (You bought it in a shop in the Dungeon)
  1146 | D        | Identified the cursed -3 ring mail "Kam Twivob" {Dex+6} (You bought it in a shop in the Dungeon)
  1227 | D        | Killed a demonic crawler
  1227 | D        | Engulfed by a cloud of flame

Action                   |  1- 3 |  4- 6 |  7- 9 | 10-12 || total
-------------------------+-------+-------+-------+-------++-------
Melee: Dagger            |     2 |    18 |    22 |   164 ||   206
 Fire: Blowgun           |       |       |       |     2 ||     2
Evoke: Wand              |       |       |    10 |       ||    10
  Use: Potion            |       |     4 |       |     9 ||    13
       Scroll            |       |       |       |     3 ||     3
 Stab: Sleeping          |     2 |     3 |     6 |     7 ||    18
       Invisible         |       |       |     2 |     2 ||     4
       Confused          |       |       |       |     1 ||     1
  Eat: Corpse            |       |     1 |       |       ||     1
